 Dungeon Crawl Stone Soup version 0.22-a0-348-gd16d139 (webtiles) character file.

254 Amnesiac the Magician (level 5, 0/38 HPs)
             Began as a Mummy Ice Elementalist on Apr 11, 2018.
             Was an Initiate of Gozag.
             Killed by divine providence
             ... invoked by an orc priest
              (14 damage)
             ... on level 4 of the Dungeon.
             The game lasted 00:03:57 (2891 turns).

Amnesiac the Magician (Mummy Ice Elementalist)      Turns: 2891, Time: 00:03:58

Health: 0/38       AC:  2    Str: 11    XL:     5   Next: 91%
Magic:  3/11       EV: 13    Int: 15    God:    Gozag
Gold:   91         SH:  0    Dex: 13    Spells: 4/12 levels left

rFire    x . .     SeeInvis +   (no weapon)
rCold    + . .     Gourm    .   (no shield)
rNeg     + + +     Faith    .   a - +0 robe
rPois    ∞         Spirit   .   (no helmet)
rElec    .         Reflect  .   (no cloak)
rCorr    .         Harm     .   (no gloves)
MR       .....                  (no boots)
Stlth    ++........             (no amulet)
HPRegen  0.12/turn              b - ring of wizardry
MPRegen  0.12/turn              c - ring of see invisible

@: no status effects
A: no food or potions, fire vulnerability, cold resistance 1, negative energy
resistance 3, torment resistance, unbreathing
a: Potion Petition, Call Merchant, Bribe Branch, Renounce Religion


You were on level 4 of the Dungeon.
You worshipped Gozag.
Gozag was noncommittal.
You were not hungry.

You visited 1 branch of the dungeon, and saw 4 of its levels.

You collected 151 gold pieces.
You paid 60 gold pieces to Gozag.

Inventory:

Hand Weapons
 k - a +0 blowgun
Armour
 a - a +0 robe (worn)
Jewellery
 b - a ring of wizardry (left hand)
 c - a ring of see invisible (right hand)
Wands
 g - a wand of scattershot (4)
Scrolls
 d - 3 scrolls of remove curse {!r, unknown}
 e - 3 scrolls of identify {!r, unknown}
 f - 2 scrolls of enchant weapon {!r, unknown}
 h - 2 scrolls of magic mapping {!r, unknown}
 i - 3 scrolls of fog {!r, unknown}
 j - 3 scrolls of random uselessness {!r, unknown}
 l - a scroll of teleportation {!r, unknown}


   Skills:
 + Level 2.0 Fighting
 * Level 3.1 Dodging
 - Level 1.5 Stealth
 + Level 4.0 Spellcasting
   Level 0.7 Conjurations
 * Level 3.8 Ice Magic


You had 4 spell levels left.
You knew the following spells:

 Your Spells              Type           Power        Failure   Level  Hunger
a - Freeze                Ice            ##..         1%          1    N/A
b - Ozocubu's Armour      Chrm/Ice       #.......     10%         3    N/A
c - Summon Ice Beast      Ice/Summ       #.......     32%         4    N/A

Dungeon Overview and Level Annotations

Branches:
Dungeon (4/15)
 Temple: D:4-7

Altars:
Elyvilon
Gozag


Innate Abilities, Weirdness & Mutations

You do not eat or drink.
Your flesh is vulnerable to fire.
You are immune to poison.
Your flesh is cold resistant. (rC+)
You are immune to negative energy. (rN+++)
You are immune to unholy pain and torment.
You can survive without breathing.


Message History

Your Fighting skill increases to level 2!
Your Spellcasting skill increases to level 4!
Casting: Freeze (safe; 1% risk of failure)
Confirm with . or Enter, or press ? or * to list all spells.
You can't see any susceptible monsters within range! (Use Z to cast anyway.)
You start resting.
An orc comes into view. It is wielding a club.
An orc priest and a skeleton come into view.
The orc priest shouts!
Things that are here:
5 gold pieces; a hand axe
Casting: Freeze (safe; 1% risk of failure)
Confirm with . or Enter, or press ? or * to list all spells.
Aiming: Freeze (safe; 1% risk of failure)
Press: ? - help, Shift-Dir - straight line, f - orc
Aim: an orc, wielding a club You freeze the orc.
The orc is lightly wounded.
The orc is distracted by the nearby gold.
Casting: Freeze (safe; 1% risk of failure)
Confirm with . or Enter, or press ? or * to list all spells.
Aiming: Freeze (safe; 1% risk of failure)
Press: ? - help, Shift-Dir - straight line, f/p - orc
Aim: an orc, wielding a club (lightly wounded, hasn't noticed you)
You freeze the orc.
The orc is no longer distracted by gold.
The orc shouts!
The orc is moderately wounded.
The orc barely misses you.
The orc priest is distracted by the nearby gold.
Casting: Freeze (safe; 1% risk of failure)
Confirm with . or Enter, or press ? or * to list all spells.
Aiming: Freeze (safe; 1% risk of failure)
Press: ? - help, Shift-Dir - straight line, f/p - orc
Aim: an orc, wielding a club (moderately wounded)
You freeze the orc.
The orc is severely wounded.
The orc barely misses you.
Casting: Freeze (safe; 1% risk of failure)
Confirm with . or Enter, or press ? or * to list all spells.
Aiming: Freeze (safe; 1% risk of failure)
Press: ? - help, Shift-Dir - straight line, f/p - orc
Aim: an orc, wielding a club (severely wounded)
You freeze the orc.
You kill the orc!
An orc comes into view.
The orc is distracted by the nearby gold.
The hound skeleton closely misses you.
The orc shouts!
The orc is no longer distracted by gold.
The orc misses you. The orc misses you. The hound skeleton barely misses you.
Things that are here:
5 gold pieces; a hand axe The hound skeleton bites you.
The orc priest mumbles some strange prayers to Beogh against you.
Beogh smites you!
* * * LOW HITPOINT WARNING * * *
You see here a worker ant corpse.
The hound skeleton barely misses you.
The orc priest calls down the wrath of Beogh upon you.
Beogh smites you!
You die...
Your body crumbles into a pile of gold.

#.#......_......#
#...###..o...#..#
#### #......# ..
###....# ##
#.####.####
#####.o........
#.....Z†..####
##.....####
#####@# #.# #<#
###


You could see an orc priest, an orc and a hound skeleton.

Vanquished Creatures
  A crimson imp (D:2)
  An orc priest (D:4)
  Natasha (thrice) (D:2)
  A worker ant (D:4)
  2 adders
  An ooze (D:3)
  A worm (D:3)
  2 dart slugs (D:1)
  4 orcs
  11 bats
  3 giant cockroaches
  11 hobgoblins
  3 jackals (D:1)
  A frilled lizard (D:1)
  5 goblins
  9 kobolds
  10 rats
69 creatures vanquished.

Notes
Turn   | Place    | Note
-------+----------+-------------------------------------------
     0 | D:1      | Amnesiac the Mummy Ice Elementalist began the quest for the Orb.
     0 | D:1      | Reached XP level 1. HP: 13/13 MP: 4/4
   233 | D:1      | Reached XP level 2. HP: 19/19 MP: 3/5
   990 | D:1      | Reached skill level 3 in Spellcasting
  1043 | D:2      | Noticed a crimson imp
  1051 | D:1      | Reached XP level 3. HP: 25/25 MP: 0/7
  1119 | D:2      | Reached skill level 1 in Fighting
  1349 | D:2      | Noticed Natasha
  1354 | D:2      | Killed Natasha
  1354 | D:2      | Reached XP level 4. HP: 17/32 MP: 2/8
  1491 | D:2      | Found a white marble altar of Elyvilon.
  1729 | D:2      | Noticed Natasha
  1733 | D:2      | Killed Natasha
  1978 | D:2      | Noticed Natasha
  1982 | D:2      | Killed Natasha
  1982 | D:2      | Reached XP level 5. HP: 28/37 MP: 5/10
  2025 | D:2      | Learned a level 3 spell: Ozocubu's Armour
  2030 | D:2      | Learned a level 4 spell: Summon Ice Beast
  2782 | D:4      | Found an opulent altar of Gozag.
  2850 | D:4      | Became a worshipper of Gozag Ym Sagoz the Greedy
  2859 | D:4      | Reached skill level 4 in Spellcasting
  2891 | D:4      | Killed from afar by an orc priest

Vault maps used:
D:1:      dpeg_arrival_orchard, serial_bayou_crossing
D:2:      old_standard_altar, minmay_misc_feat_chi, minmay_tromino_v2,
          uniq_natasha
D:3:      hangedman_decor_slide_cut, kennysheep_generic_room_6
D:4:      nicolae_overflow_crystal_walls, minmay_temple_entry_purple_smoke,
          serial_shops, shop, first_ration

Skill      XL: |  1  2  3  4  5 |
---------------+----------------+-----
Dodging        | 2 3 |  3.1
Spellcasting   | 3 4 |  4.0
Fighting       | 1 2 |  2.0
Ice Magic      | 3 |  3.8
Stealth        | |  1.5
Conjurations   | |  0.7

Action                   |  1- 3 |  4- 6 || total
-------------------------+-------+-------++-------
Melee: Unarmed           |     8 |     6 ||    14
 Cast: Freeze            |    59 |    75 ||   134
Armor: Robe              |    14 |    11 ||    25
Dodge: Dodged            |    66 |    43 ||   109

Table legend:
 A = Spawn XP
 B = Non-spawn XP
 C = Spawn XP percentage of total XP
 D = Spawn monster count
 E = Non-spawn monster count
 F = Spawn count percentage of total count
 G = Total turns spent on level
                    A         B        C        D         E        F      G
               +---------+---------+-------+---------+---------+-------+---------
         Total |       0 |     364 |   0.0 |       0 |      69 |   0.0 |  2891
               +---------+---------+-------+---------+---------+-------+---------
           D:1 |       0 |      39 |   0.0 |       0 |      23 |   0.0 |  1110
           D:2 |       0 |     179 |   0.0 |       0 |      23 |   0.0 |  1094
           D:3 |       0 |      49 |   0.0 |       0 |      17 |   0.0 |   575
           D:4 |       0 |      97 |   0.0 |       0 |       6 |   0.0 |   112
               +---------+---------+-------+---------+---------+-------+---------
